 Dungeon Crawl Stone Soup version 0.25-a0-488-g03579ab (webtiles) character file.

Game seed: 7376700882981719995, levelgen mode: deterministic

4288 15 the Grappler (level 10, 0/82 HPs)
             Began as a Purple Draconian Transmuter on Feb 10, 2020.
             Was a Priest of Wu Jian.
             Collided with a rock wall (8 damage)
             ... caused by Erica
             ... on level 8 of the Dungeon.
             The game lasted 00:39:02 (8952 turns).

15 the Grappler (Purple Draconian Transmuter)       Turns: 8952, Time: 00:39:05

Health: 0/82       AC:  2    Str: 16    XL:     10   Next: 11%
Magic:  12/19      EV: 22    Int: 15    God:    Wu Jian [***...]
Gold:   361        SH:  5    Dex: 17    Spells: 6/22 levels left

rFire    . . .     SeeInvis .     - Unarmed
rCold    . . .     Gourm    .   (shield currently unavailable)
rNeg     . . .     Faith    .   (armour unavailable)
rPois    .         Spirit   .   (helmet currently unavailable)
rElec    .         Reflect  +   (cloak currently unavailable)
rCorr    .         Harm     .   (gloves currently unavailable)
MR       +....                  (boots currently unavailable)
Stlth    ++........             b - +5 amulet of reflection
HPRegen  0.23/turn              i - ring of poison resistance
MPRegen  0.16/turn              (no ring)

@: spider-form (expiring), very slightly contaminated
A: tiny, (breathe power), unfitting armour, mutation resistance 1, strong 1, AC
+7
a: End Transformation, Wall Jump, Serpent's Lash, Renounce Religion


You were on level 8 of the Dungeon.
You worshipped Wu Jian.
Wu Jian was most pleased with you.
You were not hungry.
You were a venomous arachnid creature.
You visited 2 branches of the dungeon, and saw 9 of its levels.

You collected 361 gold pieces.

Inventory:

Hand Weapons
 o - a +0 dagger
 r - a +1 dire flail of holy wrath
 x - a +4 battleaxe
Missiles
 a - 143 arrows
Armour
 u - a +0 cloak
 A - a scarf of spirit shield (melded)
Magical Staves
 y - an uncursed staff of wizardry {unknown}
Jewellery
 b - a +5 amulet of reflection (around neck)
 i - a ring of poison resistance (left front leg)
 n - an uncursed ring of ice
Wands
 h - a wand of digging (4)
 z - a wand of flame (10)
Scrolls
 d - a scroll of remove curse {unknown}
 f - 3 scrolls of blinking {unknown}
 k - 3 scrolls of random uselessness {unknown}
 m - a scroll of enchant weapon {unknown}
 v - a scroll of immolation {unknown}
 w - a scroll of identify
 B - a scroll of amnesia
Potions
 e - 4 potions of cancellation
 g - 2 potions of magic
 j - 2 potions of lignification
 l - 4 potions of flight
 q - 2 potions of brilliance
 s - 2 potions of resistance
 t - 2 potions of heal wounds
Comestibles
 c - 21 rations
 p - a chunk of flesh


   Skills:
 * Level 5.6 Fighting
 + Level 3.9 Dodging
 + Level 3.2 Stealth
 + Level 8.0 Unarmed Combat
 * Level 6.5 Spellcasting
 * Level 4.0 Conjurations
 * Level 5.3 Transmutations
 + Level 1.2 Ice Magic
 + Level 1.6 Poison Magic
 * Level 5.5 Evocations


You had 6 spell levels left.
You knew the following spells:

 Your Spells              Type           Power        Failure   Level  Hunger
a - Beastly Appendage     Tmut           ###...       7%          1    None
b - Sticks to Snakes      Tmut           ###.....     9%          2    #......
c - Spider Form           Tmut/Pois      ###.......   24%         3    ##.....
d - Ice Form              Ice/Tmut       ##......     56%         4    ####...
e - Fulminant Prism       Conj/Hex       ##........   73%         4    ####...
f - Passwall              Tmut/Erth      ##......     19%         2    #......

Your spell library contained the following spells:

 Spells                   Type           Power        Failure   Level  Hunger
 Magic Dart               Conj           ###.         10%         1    None
 Searing Ray              Conj           ###...       13%         2    #......
 Sandblast                Erth           #.....       32%         1    None
 Summon Small Mammal      Summ           #...         32%         1    None
 Dazzling Flash           Conj/Hex       ##....       38%         3    ##.....
 Stone Arrow              Conj/Erth      ##....       38%         3    ##.....
 Blade Hands              Tmut           ###.......   61%         5    ######.
 Petrify                  Tmut/Erth      ##......     63%         4    ####...
 Iskenderun's Mystic Bla  Conj/Tloc      ##......     73%         4    ####...
 Lee's Rapid Deconstruct  Erth           #.........   99%         5    ######.


Dungeon Overview and Level Annotations

Branches:
Dungeon (8/15)             Temple (1/1) D:4
   Lair: D:8-11

Altars:
Ashenzari
Cheibriados
Dithmenos
Gozag
Hepliaklqana
Kikubaaqudgha
Nemelex Xobeh
Okawaru
Qazlal
Ru
Sif Muna
Trog
Uskayaw
Vehumet
Wu Jian
Xom
Yredelemnul
The Shining One

Annotations:
D:8 2 runed translucent doors, Erica


Innate Abilities, Weirdness & Mutations

((You can breathe bolts of dispelling energy.))
((Your rich purple scales are hard. (AC +7)))
You cannot fit into any form of body armour.
((You are cold-blooded and may be slowed by cold attacks.))
((You have sharp toenails.))
You are somewhat resistant to further mutation.
Your muscles are strong. (Str +2)


Message History

You barely miss something. Something hits you! Something burns you.
You barely miss something. You hit something. Something closely misses you.
You closely miss something. Something completely misses you.
You hit something. Something barely misses you.
You closely miss something.
Your transformation is almost over.
You closely miss something. Something closely misses you.
You bite something! Something hits you! Something burns you.
You hit something. Something hits you! Something burns you.
You closely miss something.
An adder skeleton comes into view.
You bite something!
You hear some strange, mumbled words.
A lance of force appears from out of thin air!
The lance of force hits you!!
* * * LOW HITPOINT WARNING * * *
You are knocked back by the lance of force.
You slam into the rock wall!
You die...

...###.........##
.### ########...# .#
###.# .# #.# ..
######.## ##
.........# ####
.......#.# #######
.......#.####
cp.)..###......#s.{.#
######.####....Z###.#
#####.#.#.###... # #
#.#.#.#.####. ##
#.##.#.#.#.###
..##.#.#.#.#)#..#
#+##.##.#.#.#.###
o..#.#)#.#.######
...#.##.#.## ..#


You could see an adder skeleton.

Vanquished Creatures
  A two-headed ogre (D:8)
  Psyche (D:8)
  A wyvern (D:8)
  A hungry ghost (D:7)
  Edmund (D:4)
  An acid dragon (D:8)
  An ice beast (D:8)
  A phantom (D:6)
  A necrophage (D:8)
  4 ogres
  A centaur (D:5)
  2 big kobolds (D:8)
  A bullfrog (D:6)
  A wyvern skeleton (D:6)
  3 scorpions
  2 wights (D:6)
  4 howler monkeys
  6 crimson imps
  3 hounds
  3 orc priests
  2 jellies
  2 iguanas
  10 orc wizards
  7 worker ants
  3 hound skeletons
  A worker ant zombie (D:8)
  Robin (D:4)
  3 gnolls (D:7)
  10 adders
  11 river rats (D:6)
  An ooze (D:5)
  An adder zombie (D:8)
  An adder skeleton (D:4)
  2 worms
  4 leopard geckos
  24 orcs
  6 bats
  6 giant cockroaches
  12 goblins
  12 hobgoblins
  7 quokkas
  A ball python (D:1)
  10 frilled lizards
  4 kobolds
  A leopard gecko skeleton (D:4)
  A leopard gecko zombie (D:5)
  A quokka skeleton (D:5)
  21 rats
204 creatures vanquished.

Vanquished Creatures (collateral kills)
  Grinder (D:4)
  2 bats
  A giant cockroach (D:3)
4 creatures vanquished.

Vanquished Creatures (others)
  A wight (D:6)
  A bullfrog zombie (D:3)
  An orc (D:3)
  A bat zombie (D:3)
  A rat (D:3)
5 creatures vanquished.

Grand Total: 213 creatures vanquished

Notes
Turn   | Place    | Note
-------+----------+-------------------------------------------
     0 | D:1      | 15 the Draconian Transmuter began the quest for the Orb.
     0 | D:1      | Reached XP level 1. HP: 16/16 MP: 3/3
   143 | D:1      | Reached XP level 2. HP: 10/23 MP: 3/5
   169 | D:1      | Learned a level 2 spell: Sticks to Snakes
   667 | D:2      | Reached XP level 3. HP: 18/28 MP: 4/6
  1216 | D:2      | Reached XP level 4. HP: 32/35 MP: 7/7
  1469 | D:3      | Reached skill level 4 in Unarmed Combat
  1764 | D:3      | Learned a level 3 spell: Spider Form
  1950 | D:3      | Reached XP level 5. HP: 41/41 MP: 8/8
  2015 | D:3      | Found a radiant altar of Vehumet.
  2028 | D:3      | Reached skill level 1 in Evocations
  2049 | D:3      | Reached skill level 1 in Stealth
  2384 | D:3      | Found an ancient bone altar of Kikubaaqudgha.
  2952 | D:4      | Noticed Grinder
  2956 | D:4      | Paralysed by Grinder for 5 turns
  2969 | D:4      | Killed Grinder
  2969 | D:4      | Reached XP level 6. HP: 18/50 MP: 1/10
  3175 | D:4      | Found a staircase to the Ecumenical Temple.
  3190 | Temple   | Entered the Ecumenical Temple
  3327 | Temple   | Became a worshipper of the Wu Jian Council
  3759 | D:4      | Noticed Robin
  3789 | D:4      | Killed Robin
  3993 | D:4      | Found a hazy altar of Hepliaklqana.
  3997 | D:4      | Found a glowing golden altar of the Shining One.
  4002 | D:4      | Found an iron altar of Okawaru.
  4385 | D:4      | Gained mutation: You have sharp toenails. [potion of
                  | mutation]
  4385 | D:4      | Gained mutation: Scrolls take you a little longer to read.
                  | [potion of mutation]
  4385 | D:4      | Gained mutation: You have razor-sharp toenails. [potion of
                  | mutation]
  4386 | D:4      | Lost mutation: Scrolls take you a little longer to read.
                  | [potion of mutation]
  4386 | D:4      | Lost mutation: You have razor-sharp toenails. [potion of
                  | mutation]
  4386 | D:4      | Gained mutation: Your muscles are strong. (Str +2) [potion
                  | of mutation]
  4386 | D:4      | Gained mutation: You are somewhat resistant to further
                  | mutation. [potion of mutation]
  4397 | D:4      | Reached skill level 5 in Unarmed Combat
  4420 | D:4      | Your scales start taking on a rich purple colour.
  4420 | D:4      | Reached XP level 7. HP: 10/56 MP: 11/13
  4792 | D:3      | Reached * piety under Wu Jian
  4797 | D:3      | HP: 2/56 [poisoned by an orc]
  5214 | D:4      | Found a hide-covered altar of Uskayaw.
  5268 | D:4      | Noticed Edmund
  5282 | D:4      | Killed Edmund
  5532 | D:5      | Entered Level 5 of the Dungeon
  6161 | D:5      | Learned a level 4 spell: Ice Form
  6166 | D:5      | Learned a level 4 spell: Fulminant Prism
  6193 | D:6      | Reached XP level 8. HP: 50/63 MP: 15/15
  6265 | D:6      | Found a shimmering blue altar of Sif Muna.
  6468 | D:6      | Reached skill level 6 in Unarmed Combat
  6469 | D:6      | Identified Sif Muna's Papyrus of Illusion
  6474 | D:6      | Learned a level 2 spell: Passwall
  6560 | D:6      | Reached skill level 1 in Conjurations
  6597 | D:6      | Reached skill level 5 in Spellcasting
  6720 | D:6      | Reached ** piety under Wu Jian
  7382 | D:6      | Reached XP level 9. HP: 68/72 MP: 17/17
  7462 | D:7      | Reached skill level 1 in Ice Magic
  7562 | D:7      | Found a sacrificial altar of Ru.
  7571 | D:7      | Reached skill level 1 in Poison Magic
  7763 | D:7      | Reached *** piety under Wu Jian
  7862 | D:7      | Reached skill level 7 in Unarmed Combat
  7891 | D:7      | Found a stormy altar of Qazlal.
  8478 | D:8      | Found a runed translucent door.
  8481 | D:8      | Found a runed translucent door.
  8509 | D:8      | Noticed a two-headed ogre
  8519 | D:8      | Killed a two-headed ogre
  8519 | D:8      | Reached skill level 5 in Fighting
  8519 | D:8      | Reached skill level 5 in Transmutations
  8519 | D:8      | Reached skill level 5 in Evocations
  8536 | D:8      | Noticed a death knight
  8829 | D:8      | Noticed Psyche
  8841 | D:8      | Killed Psyche
  8841 | D:8      | Reached XP level 10. HP: 44/82 MP: 9/19
  8936 | D:8      | Noticed Erica
  8941 | D:8      | Reached skill level 8 in Unarmed Combat
  8952 | D:8      | Collided with a rock wall

Levels and vault maps discovered:
D:1:      dpeg_arrival_chase, layout_rooms
D:2:      layout_loops_ring, first_ration
D:3:      layout_basic, lemuel_zombie_altar_kikubaaqudgha, fiery_altar_vehumet
D:4:      layout_gridville, eat_drink_and_be_merry_uskayaw,
          minmay_overflow_temple_star_quad, temple_statues,
          serial_park_tiny_pond, uniq_robin, uniq_edmund, uniq_grinder
D:5:      layout_loops_ring
D:6:      lemuel_ratsnest, layout_loops_ring, led_sif_book
D:7:      layout_loops_ring, grunt_qazlal_clouds, kennysheep_mini_moat,
          minmay_misc_feat_more_columns
D:8:      minmay_the_grid_triangle_9x9_rhombus_thin
          [minmay_the_grid_triangle_9x9_tough_junction,
          minmay_the_grid_triangle_9x9_prize_insulated,
          minmay_the_grid_triangle_9x9_from_above,
          minmay_the_grid_triangle_9x9_checkered], layout_rooms,
          blue_anna_alchemist [blue_anna_fruit_fields, blue_anna_fruit_fields],
          uniq_psyche, uniq_erica
Temple:   chequers_temple_sunken

Skill      XL: |  1  2  3  4  5  6  7  8  9 10 |
---------------+-------------------------------+-----
Dodging        | 2 3 |  3.9
Unarmed Combat | 4 5 6 7 8 |  8.0
Evocations     | 1 2 3 4 5 |  5.5
Fighting       | 2 3 4 5 |  5.6
Stealth        | 1 2 3 |  3.2
Spellcasting   | 3 4 5 6 |  6.5
Transmutations | 3 4 5 |  5.3
Conjurations   | 2 4 |  4.0
Ice Magic      | 1 |  1.2
Poison Magic   | 1 |  1.6

Action                   |  1- 3 |  4- 6 |  7- 9 | 10-12 || total
-------------------------+-------+-------+-------+-------++-------
Melee: Unarmed           |   150 |   269 |   409 |    20 ||   848
       Tailslap          |    10 |    20 |    31 |     1 ||    62
       Headbutt          |     8 |    13 |     7 |       ||    28
       Kick              |     2 |     9 |    67 |     2 ||    80
       Punch             |     2 |     2 |    12 |       ||    16
 Cast: Beastly Appendage |    10 |    14 |     6 |       ||    30
       Sticks to Snakes  |     2 |     4 |     2 |       ||     8
       Spider Form       |       |     3 |    17 |     1 ||    21
       Ice Form          |       |       |     3 |       ||     3
       Passwall          |       |       |     1 |       ||     1
Invok: Lunge             |       |     5 |    79 |     1 ||    85
       Whirlwind         |       |       |    59 |       ||    59
       Serpent's Lash    |       |       |     1 |       ||     1
 Abil: Breathe Dispellin |       |       |     1 |       ||     1
       Wall Jump         |       |       |     3 |       ||     3
Evoke: Wand              |       |       |     2 |       ||     2
  Use: Scroll            |     3 |     3 |     6 |       ||    12
       Potion            |       |     5 |     5 |       ||    10
 Stab: Sleeping          |     1 |     1 |     7 |     1 ||    10
       Distracted        |     1 |       |     2 |       ||     3
  Eat: Chunk             |     1 |     7 |    20 |     1 ||    29
       Ration            |       |     1 |     1 |       ||     2
Armor: Skin              |    58 |    74 |    59 |     1 ||   192
Dodge: Dodged            |   104 |   152 |   146 |     9 ||   411
Block: Other             |       |       |    43 |     1 ||    44
       Reflection        |       |       |     2 |       ||     2

Table legend:
 A = Non-vault XP
 B = Vault XP
 C = Vault XP percentage of total XP
 D = Non-vault monster count
 E = Vault monster count
 F = Vault count percentage of total count
                 A         B        C        D         E       F
            +---------+---------+-------+---------+---------+-------
      Total |    3381 |    2746 |  44.8 |     149 |      60 |  28.7
            +---------+---------+-------+---------+---------+-------
        D:1 |      37 |       0 |   0.0 |      24 |       0 |   0.0
        D:2 |      60 |       0 |   0.0 |      16 |       0 |   0.0
        D:3 |     251 |       0 |   0.0 |      31 |       0 |   0.0
        D:4 |     399 |     365 |  47.8 |      21 |      15 |  41.7
        D:5 |     285 |       0 |   0.0 |      10 |       0 |   0.0
        D:6 |    1092 |     369 |  25.3 |      25 |      34 |  57.6
        D:7 |     453 |       0 |   0.0 |       9 |       0 |   0.0
        D:8 |     804 |    2012 |  71.4 |      13 |      11 |  45.8
            +---------+---------+-------+---------+---------+-------
